 Dungeon Crawl Stone Soup version 0.22-a0-282-gdd34a7dfb5 (webtiles) character file.

721 FollowTheCloud the Chiller (level 8, -6/60 HPs)
             Began as a Human Ice Elementalist on Mar 18, 2018.
             Mangled by an ice beast (9 damage)
             ... on level 5 of the Dungeon.
             The game lasted 00:18:42 (5725 turns).

FollowTheCloud the Chiller (Human Ice Elementalist) Turns: 5725, Time: 00:18:43

Health: -6/60      AC:  9    Str:  9    XL:     8   Next: 2%
Magic:  10/12      EV: 14    Int: 17    God:
Gold:   269        SH:  0    Dex: 14    Spells: 3/13 levels left

rFire    . . .     SeeInvis .   D - +0 dagger (chaos)
rCold    . . .     Gourm    .   (no shield)
rNeg     . . .     Faith    .   o - +0 robe
rPois    .         Spirit   .   m - +0 hat
rElec    .         Reflect  .   h - +0 cloak
rCorr    .         Harm     .   t - +0 pair of gloves
MR       .....                  (no boots)
Stlth    ++........             (no amulet)
HPRegen  0.20/turn              (no ring)
MPRegen  0.13/turn              (no ring)

@: icy armour, slow
A: no striking features
a: no special abilities


You were on level 5 of the Dungeon.
You were very hungry.

You visited 1 branch of the dungeon, and saw 5 of its levels.
You also visited: Sewer.

You collected 269 gold pieces.

Inventory:

Hand Weapons
 d - a +0 dagger
 D - a +0 dagger of chaos (weapon)
Missiles
 y - 25 arrows
Armour
 h - a +0 cloak (worn)
 m - a +0 hat (worn)
 o - a +0 robe (worn)
 t - a +0 pair of gloves (worn)
Jewellery
 a - a +6 amulet of reflection {unknown}
 r - a cursed ring of teleportation {unknown}
Scrolls
 b - 6 scrolls of identify {unknown}
 e - 4 scrolls of remove curse {unknown}
 f - 2 scrolls of fog {unknown}
 i - 6 scrolls of teleportation {unknown}
 q - a scroll of fear {unknown}
 s - 2 scrolls of random uselessness {unknown}
 u - a scroll of enchant weapon {unknown}
 v - 3 scrolls of blinking {unknown}
 B - 3 scrolls of magic mapping {unknown}
Potions
 g - 2 potions of agility {unknown}
 j - a potion of degeneration {unknown}
 k - a potion of invisibility
 l - 3 potions of heal wounds {unknown}
 n - 2 potions of flight {unknown}
 p - 2 potions of cancellation {unknown}
 w - a potion of resistance {unknown}
 x - a potion of curing {unknown}
 z - 2 potions of magic {unknown}
 A - a potion of brilliance {unknown}
 C - a potion of lignification {unknown}
Comestibles
 c - 11 rations


   Skills:
 + Level 3.8 Fighting
 + Level 4.5 Dodging
 - Level 2.0 Stealth
 - Level 3.0 Spellcasting
 + Level 3.1 Conjurations
 + Level 5.0 Ice Magic


You had 3 spell levels left.
You knew the following spells:

 Your Spells              Type           Power        Failure   Level  Hunger
a - Ozocubu's Armour      Chrm/Ice       ##......     19%         3    ###....
b - Throw Frost           Conj/Ice       ###...       4%          2    ##.....
d - Throw Icicle          Conj/Ice       ###.....     32%         4    ####...
z - Freeze                Ice            ###.         2%          1    None


Dungeon Overview and Level Annotations

Branches:
Dungeon (5/15)
 Temple: D:4-7

Altars:
Xom

Shops:
D:5 =

Annotations:
D:4 Sigmund


Message History

You barely miss something. Something hits you but does no damage.
You miss something. Something hits you but does no damage.
You miss something. Something completely misses you.
You closely miss something. Something hits you. Something freezes you!
You closely miss something. Something hits you but does no damage.
You hit something but do no damage. Something hits you but does no damage.
You closely miss something. Something hits you. Something freezes you!
You barely miss something. Something hits you but does no damage.
You closely miss something. Something hits you but does no damage.
You miss something. Something hits you. Something freezes you!
* * * LOW HITPOINT WARNING * * *
You closely miss something. Something hits you.
* * * LOW HITPOINT WARNING * * *
Something freezes you!
* * * LOW HITPOINT WARNING * * *
Your magical contamination has completely faded away.
Something hits you.
* * * LOW HITPOINT WARNING * * *
Something freezes you!
You die...

#.# #..###..##.# ##.## #.#
#.#
#..##.#.##.###...########.#
#.#
#..#.###..................#
#<####>..##
##...##...##########
##.........###....(...##
............#.....#####
##...(#.......#...#
#.##.#......#.#..##########
#.#........###.@<.........#
#.#...#.....#.##.########.#
##.#...#.#........# #.#
..............##### #.#
............#.# #.#
..............# #.#
####...#####..# #.#### #
#...# #..# #....# ####...#
#..# #....#


There were no monsters in sight!

Vanquished Creatures
  Purgy (D:3)
  An ogre (shapeshifter) (D:5)
  A howler monkey (D:4)
  3 crimson imps (D:4)
  2 orc priests (D:5)
  Jessica (D:2)
  An iguana (D:3)
  An orc wizard (D:3)
  3 worker ants
  2 hound skeletons (D:4)
  7 adders
  A shadow imp (D:5)
  A worm (D:2)
  5 leopard geckos
  7 orcs
  3 ball pythons
  7 giant cockroaches
  9 goblins
  7 hobgoblins
  5 jackals
  10 bats
  12 frilled lizards
  A jackal skeleton (D:4)
  7 kobolds
  15 rats
113 creatures vanquished.

Notes
Turn   | Place    | Note
-------+----------+-------------------------------------------
     0 | D:1      | FollowTheCloud the Human Ice Elementalist began the quest for the Orb.
     0 | D:1      | Reached XP level 1. HP: 13/13 MP: 3/3
   128 | D:1      | Reached XP level 2. HP: 15/20 MP: 0/5
   252 | D:1      | Learned a level 2 spell: Throw Frost
   541 | D:1      | Reached XP level 3. HP: 25/25 MP: 1/6
   551 | D:1      | Reached skill level 1 in Fighting
   881 | D:1      | Learned a level 3 spell: Ozocubu's Armour
  1431 | D:2      | Reached XP level 4. HP: 32/32 MP: 5/7
  1511 | D:2      | Noticed Jessica
  1513 | D:2      | Killed Jessica
  1762 | D:2      | Reached XP level 5. HP: 38/38 MP: 4/9
  2273 | D:3      | Learned a level 4 spell: Throw Icicle
  2470 | D:3      | Reached skill level 4 in Ice Magic
  2470 | D:3      | Reached XP level 6. HP: 17/46 MP: 5/10
  2771 | D:3      | Found a shimmering altar of Xom.
  3128 | D:4      | Found a glowing drain.
  3153 | Sewer    | Entered a sewer
  3196 | Sewer    | Noticed Purgy
  3510 | D:3      | Killed Purgy
  3589 | D:4      | Reached XP level 7. HP: 46/52 MP: 5/11
  3938 | D:4      | Noticed Sigmund
  3944 | D:4      | Found a shimmering altar of Xom.
  4531 | D:5      | Entered Level 5 of the Dungeon
  4879 | D:5      | Reached skill level 5 in Ice Magic
  5233 | D:5      | Found Beomaov's Jewellery Shoppe.
  5253 | D:5      | Reached XP level 8. HP: 37/60 MP: 5/12
  5725 | D:5      | HP: 3/60 [something (4)]
  5725 | D:5      | Mangled by an ice beast

Vault maps used:
D:1:      minmay_arrival_checkered_box
D:2:      uniq_jessica
D:3:      lemuel_doored_altar, first_ration
D:4:      enter_ossuary_5, cheibrodos_sewer_entry_drain, led_xom_imps,
          uniq_sigmund
D:5:      serial_shops, shop
Sewer:    sewer_co_purgy_island

Skill      XL: |  1  2  3  4  5  6  7 |
---------------+----------------------+-----
Fighting       | 1 2 3 |  3.8
Dodging        | 3 4 |  4.5
Spellcasting   | 3 |  3.0
Ice Magic      | 4 5 |  5.0
Conjurations   | 2 3 |  3.1
Stealth        | |  2.0

Action                   |  1- 3 |  4- 6 |  7- 9 || total
-------------------------+-------+-------+-------++-------
Melee: Unarmed           |     3 |       |       ||     3
       Dagger            |    36 |    76 |   169 ||   281
 Cast: Freeze            |    28 |   102 |    41 ||   171
       Throw Frost       |    18 |    17 |     2 ||    37
       Ozocubu's Armour  |       |     4 |     6 ||    10
 Stab: Sleeping          |     2 |     3 |     1 ||     6
       Confused          |       |       |     3 ||     3
  Eat: Chunk             |     3 |     9 |     3 ||    15
       Ration            |       |       |     1 ||     1
Armor: Robe              |    17 |   114 |    57 ||   188
Dodge: Dodged            |    46 |   241 |   111 ||   398

Table legend:
 A = Spawn XP
 B = Non-spawn XP
 C = Spawn XP percentage of total XP
 D = Spawn monster count
 E = Non-spawn monster count
 F = Spawn count percentage of total count
 G = Total turns spent on level
                    A         B        C        D         E        F      G
               +---------+---------+-------+---------+---------+-------+---------
         Total |       0 |    1030 |   0.0 |       0 |     113 |   0.0 |  5725
               +---------+---------+-------+---------+---------+-------+---------
           D:1 |       0 |      47 |   0.0 |       0 |      29 |   0.0 |  1274
           D:2 |       0 |     127 |   0.0 |       0 |      27 |   0.0 |   955
           D:3 |       0 |     273 |   0.0 |       0 |      28 |   0.0 |   885
           D:4 |       0 |     278 |   0.0 |       0 |      14 |   0.0 |  1659
           D:5 |       0 |     285 |   0.0 |       0 |       7 |   0.0 |   799
         Sewer |       0 |      20 |   0.0 |       0 |       8 |   0.0 |   153
               +---------+---------+-------+---------+---------+-------+---------
